 Dungeon Crawl Stone Soup version 0.20.1-1-g8b1a95d (webtiles) character file.

98 letownia2 the Grave Robber (level 4, 3/36 HPs)
             Began as a Deep Dwarf Necromancer on Dec 6, 2017.
             Quit the game on level 3 of the Dungeon.
             The game lasted 00:04:05 (786 turns).

letownia2 the Grave Robber (Deep Dwarf Necromancer)  Turns: 786, Time: 00:04:06

Health: 3/36       AC:  2    Str: 12    XL:     4   Next: 43%
Magic:  4/7        EV: 12    Int: 16    God:
Gold:   26         SH:  0    Dex: 13    Spells: 3/7 levels left

rFire    . . .     SeeInvis .   d - +0 dagger
rCold    . . .     Gourm    .   (no shield)
rNeg     . . .     Faith    .   a - +0 robe
rPois    .         Spirit   .   (no helmet)
rElec    .         Reflect  .   (no cloak)
rCorr    .         Harm     .   (no gloves)
MR       .....                  (no boots)
Stlth    ++........             (no amulet)
Regen    0.0/turn               (no ring)
MPRegen  0.1/turn               (no ring)

@: non-regenerating
A: damage resistance, heal wounds, sense surroundings 1, no regeneration
a: Heal Wounds


You were on level 3 of the Dungeon.
You were not hungry.

You visited 1 branch of the dungeon, and saw 3 of its levels.

You collected 26 gold pieces.

Inventory:

Hand Weapons
 d - a +0 dagger (weapon)
Armour
 a - a +0 robe (worn)
Potions
 e - a potion of curing
Books
 b - a book of Necromancy

   Spells                             Type                      Level
   a - Pain                           Necromancy                   1
   b - Animate Skeleton               Necromancy                   1
   c - Vampiric Draining              Necromancy                   3
   d - Regeneration                   Charms/Necromancy            3
   e - Animate Dead                   Necromancy                   4
   f - Control Undead                 Necromancy                   4
Comestibles
 c - a bread ration
 f - a chunk of flesh


   Skills:
 - Level 2.1 Dodging
 - Level 2.4 Stealth
 - Level 2.1 Spellcasting
 + Level 6.3 Necromancy


You had 3 spell levels left.
You knew the following spells:

 Your Spells              Type           Power        Failure   Level  Hunger
a - Pain                  Necr           ###.         1%          1    #......
v - Vampiric Draining     Necr           ###.......   4%          3    ###....


Dungeon Overview and Level Annotations

Branches:
Dungeon (3/15)

Altars:
Ashenzari
Hepliaklqana
Makhleb


Innate Abilities, Weirdness & Mutations

You are resistant to damage.
You can heal yourself by infusing magical energy.
You passively map a small area around you.
You do not regenerate.


Message History

Unknown command.
There is a stone staircase leading down here.
You climb downwards.
A kobold and a skeleton come into view.
Found 4 gold pieces.
Found a shattered altar of Ashenzari.
There is a stone staircase leading up here.
Unknown command.
The kobold shouts!
The kobold throws a stone.
The stone hits you but does no damage.
You see here a stone.
The kobold barely misses you.
Casting: Pain
Confirm with . or Enter, or press ? or * to list all spells.
Aiming: Vampiric Draining
Press: ? - help, Shift-Dir - straight line, f - kobold
Aim: a kobold, wielding a dagger You kill the kobold!
You feel life coursing into your body.
A worker ant comes into view.
Are you sure you want to abandon this character and quit the game? (Confirm with "yes".)

#..$.# +....######
* * * #..<....... ,
, ##.##...... , *
*# * ##(..##.....,
* ###.
##.....##Z###
.....####.......# #
**
........Z.)._.....#
,
...#..@#.......###
, ,#...##.....## ,
, ##...##...## , ,
, #...###.## *#...#
*..# , #...# #.#
#...# # , #.a..* *
,


You could see a worker ant (sleeping) and a bullfrog skeleton.

Vanquished Creatures
  Natasha (thrice) (D:2)
  A dart slug (D:2)
  A leopard gecko (D:2)
  2 bats (D:2)
  5 goblins
  3 hobgoblins (D:2)
  3 kobolds
  A quokka (D:2)
  A frilled lizard (D:2)
  A rat (D:2)
21 creatures vanquished.

Notes
Turn   | Place    | Note
-------+----------+-------------------------------------------
     0 | D:1      | letownia2 the Deep Dwarf Necromancer began the quest for the Orb.
     0 | D:1      | Reached XP level 1. HP: 15/15 MP: 3/3
   124 | D:2      | Found a burning altar of Makhleb.
   148 | D:2      | Found a hazy altar of Hepliaklqana.
   271 | D:2      | Reached XP level 2. HP: 20/22 MP: 3/5
   365 | D:2      | Noticed Natasha
   370 | D:2      | Killed Natasha
   370 | D:2      | Reached skill level 5 in Necromancy
   370 | D:2      | Reached XP level 3. HP: 17/28 MP: 2/6
   394 | D:2      | Learned a level 3 spell: Vampiric Draining
   402 | D:2      | Noticed Natasha
   429 | D:2      | Killed Natasha
   528 | D:2      | Noticed Natasha
   576 | D:2      | Reached XP level 4. HP: 13/36 MP: 5/7
   583 | D:2      | Reached skill level 6 in Necromancy
   660 | D:2      | HP: 1/36 [Natasha/magic dart (3)]
   661 | D:2      | Killed Natasha
   778 | D:3      | Found a shattered altar of Ashenzari.
   786 | D:3      | Quit the game

Skill      XL: |  1  2  3  4 |
---------------+-------------+-----
Spellcasting   | 2 |  2.1
Necromancy     | 5 6 |  6.3
Dodging        | |  2.1
Stealth        | |  2.4

Action                   |  1- 3 |  4- 6 || total
-------------------------+-------+-------++-------
Melee: Dagger            |     4 |       ||     4
 Cast: Pain              |    28 |    11 ||    39
       Vampiric Draining |       |     1 ||     1
Armor: Robe              |     5 |       ||     5
Dodge: Dodged            |    10 |     2 ||    12
